 Dungeon Crawl Stone Soup version 0.24-a0-535-gbb0d440 (webtiles) character file.

Game seed: 5792180612868824876

25 thomd the Sneak (level 2, -8/15 HPs)
             Began as a Spriggan Assassin on Aug 10, 2019.
             Killed from afar by Jessica (12 damage)
             ... with a puff of flame
             ... on level 2 of the Dungeon.
             The game lasted 00:02:06 (959 turns).

thomd the Sneak (Spriggan Assassin)                  Turns: 959, Time: 00:02:06

Health: -8/15      AC:  4    Str:  5 (7)  XL:     2   Next: 82%
Magic:  3/3        EV: 16    Int:  9 (12) God:
Gold:   90         SH:  0    Dex: 15 (17) Spells: 1/1 levels left

rFire    . . .     SeeInvis +   i - +2 dagger (venom)
rCold    . . .     Gourm    .   (shield restricted)
rNeg     . . .     Faith    .   b - +1 robe
rPois    .         Spirit   .   (helmet restricted)
rElec    .         Reflect  .   c - +0 cloak
rCorr    .         Harm     .   (gloves unavailable)
MR       .....                  (boots unavailable)
Stlth    +++.......             (no amulet)
HPRegen  0.05/turn              (no ring)
MPRegen  0.08/turn              (no ring)

@: very quick
A: very small, unfitting armour, see invisible, herbivore, speed 3, slow
metabolism 2
a: no special abilities


You were on level 2 of the Dungeon.
You were not hungry.

You visited 1 branch of the dungeon, and saw 2 of its levels.

You collected 90 gold pieces.

Inventory:

Hand Weapons
 a - a +2 dagger
 i - a +2 dagger of venom (weapon)
Missiles
 d - 8 poisoned darts (quivered)
 e - 8 curare-tipped darts
Armour
 b - a +1 robe (worn)
 c - a +0 cloak (worn)
Jewellery
 m - an uncursed ring of protection from cold {unknown}
Scrolls
 h - 2 scrolls of enchant armour
 j - a scroll of remove curse
 n - 2 scrolls of identify {unknown}
Potions
 g - a potion of heal wounds {unknown}
 k - a potion of degeneration
 l - a potion of invisibility {unknown}
 o - a potion of haste {unknown}
Comestibles
 f - 4 rations


   Skills:
 + Level 2.0 Fighting
 + Level 2.8 Short Blades
 - Level 2.0 Throwing
 - Level 1.5 Dodging
 + Level 6.4 Stealth


You had one spell level left.
You didn't know any spells.
Your spell library was empty.

Dungeon Overview and Level Annotations

Branches:
Dungeon (2/15)

Altars:
Xom
The Shining One

Annotations:
D:2 Jessica


Innate Abilities, Weirdness & Mutations

You are very small and have problems with some larger weapons.
You are too small for most types of armour.
You have supernaturally acute eyesight. (SInv)
You are a herbivore.
You cover ground extremely quickly.
You need to consume almost no food.


Message History

The hobgoblin is lightly wounded.
You barely miss the hobgoblin.
The hobgoblin is lightly wounded.
Jessica zaps a wand.
The puff of flame hits you!
Ouch! That really hurt!
The hobgoblin misses you.
You are too injured to fight recklessly!
The hobgoblin hits you.
* * * LOW HITPOINT WARNING * * *
Jessica misses you.
You hit Jessica.
Jessica is poisoned.
Jessica is moderately wounded.
The hobgoblin hits you but does no damage.
Jessica hits you but does no damage.
You hit Jessica.
Jessica is severely wounded.
The hobgoblin barely misses you.
Jessica zaps a wand.
The puff of flame hits you!
Ouch! That really hurt!
You die...

#############
.......<....#
########.#### ##
..#.# ###.#####
#.#.###.@......
#####.#.##.@g..###
.##...........#......
....##..####......[#.
###....).............
........##...........
...............$.....
........##..#.#......
....##...............
............#.##.###.


You could see Jessica and a hobgoblin.

Vanquished Creatures
  An ooze (D:1)
  4 bats (D:1)
  A giant cockroach (D:1)
  2 goblins (D:1)
  4 hobgoblins (D:1)
  A ball python (D:2)
  4 kobolds
  3 rats (D:1)
20 creatures vanquished.

Notes
Turn   | Place    | Note
-------+----------+-------------------------------------------
     0 | D:1      | thomd the Spriggan Assassin began the quest for the Orb.
     0 | D:1      | Reached XP level 1. HP: 10/10 MP: 2/2
   144 | D:1      | Reached skill level 6 in Stealth
   165 | D:1      | Reached XP level 2. HP: 8/15 MP: 3/3
   915 | D:2      | Found a shimmering altar of Xom.
   917 | D:2      | Found a glowing golden altar of the Shining One.
   951 | D:2      | Noticed Jessica
   959 | D:2      | Killed from afar by Jessica

Levels and vault maps discovered:
D:1:      dpeg_arrival_rhombi, layout_rooms
D:2:      layout_basic, grunt_temple_overflow_open, kennysheep_generic_room_12,
          uniq_jessica

Skill      XL: |  1  2 |
---------------+-------+-----
Stealth        | 6 |  6.4
Fighting       | 2 |  2.0
Short Blades   | |  2.8
Throwing       | |  2.0
Dodging        | |  1.5

Action                   || total
-------------------------++-------
Melee: Dagger            ||    68
  Use: Scroll            ||     4
       Potion            ||     2
 Stab: Sleeping          ||     4
Armor: Robe              ||     8
Dodge: Dodged            ||    48

Table legend:
 A = Non-vault XP
 B = Vault XP
 C = Vault XP percentage of total XP
 D = Non-vault monster count
 E = Vault monster count
 F = Vault count percentage of total count
                 A         B        C        D         E       F
            +---------+---------+-------+---------+---------+-------
      Total |      36 |       0 |   0.0 |      20 |       0 |   0.0
            +---------+---------+-------+---------+---------+-------
        D:1 |      32 |       0 |   0.0 |      17 |       0 |   0.0
        D:2 |       4 |       0 |   0.0 |       3 |       0 |   0.0
            +---------+---------+-------+---------+---------+-------
